Map: Oceanborn LE

Players

NightMare

  • Race: Protoss Protoss
  • League: Master
  • Spawn Location: 11:00

DKZDark (Dark) - Winner!

  • Race: Zerg Zerg
  • League: Master
  • Spawn Location: 5:00

VOD

Have the link to the VOD?

Description

Time

  • Played on: Dec. 11, 2023, 4:17 a.m.
  • Length: 10:53
Show
View Real Time Build Order
Export as new Build Order

NightMare Protoss 

Build Orders: Oracle Opening 

Get SALT Encoding   

  12  0:00  Probe  
  13  0:15  Pylon  
  13  0:18  Probe (Chrono Boost)  
  15  0:29  Probe (Chrono Boost)  
  15  0:34  Probe (Chrono Boost)  
  16  0:42  Gateway  
  16  0:44  Probe  
  16  0:49  Assimilator  
  17  0:56  Probe  
  18  1:08  Probe  
  19  1:20  Probe  
  20  1:28  Zealot (Chrono Boost)  
  23  1:32  Probe  
  23  1:34  Cybernetics Core  
  23  1:36  Pylon  
  23  1:54  Probe  
  24  2:06  Probe  
  25  2:08  Assimilator  
  25  2:18  Nexus  
  25  2:22  Stargate  
  25  2:24  Probe  
  25  2:27  Adept (Chrono Boost)  
  28  2:36  Probe  
  29  2:41  Warp Gate  
  29  2:49  Pylon  
  31  3:01  Gateway  
  29  3:05  Probe  
  29  3:07  Oracle (Chrono Boost)  
  33  3:17  Probe  
  34  3:30  Probe  
  34  3:31  Probe  
  36  3:36  Oracle (Chrono Boost)  
  39  3:42  Probe  
  39  3:43  Probe  
  41  3:51  Nexus  
  41  3:55  Probe x2  
  41  4:00  Pylon  
  43  4:07  Probe  
  43  4:08  Probe  
  45  4:11  Oracle  
  45  4:17  Assimilator  
  48  4:20  Probe x2  
  50  4:25  Pylon  
  50  4:29  Adept x2  
  54  4:32  Probe  
  55  4:38  Twilight Council  
  55  4:39  Probe  
  55  4:44  Probe  
  55  4:45  Assimilator  
  57  4:50  Adept x2  
  61  4:54  Probe  
  61  4:56  Probe  
  61  4:58  Pylon  
  63  5:06  Probe  
  64  5:07  Forge  
  64  5:08  Probe  
  65  5:16  Blink (Chrono Boost)  
  65  5:18  Probe  
  65  5:19  Probe  
  64  5:24  Stalker x2  
  64  5:27  Probe  
  69  5:30  Probe  
  69  5:31  Probe  
  69  5:41  Gateway  
  69  5:42  Probe  
  62  5:43  Gateway, Probe  
  62  5:44  Shield Battery  
  62  5:47  Protoss Ground Weapons Level 1  
  62  5:48  Stalker  
  62  5:49  Sentry  
  67  5:54  Probe x2  
  67  5:55  Probe  
  70  6:02  Robotics Facility  
  70  6:07  Probe x3  
  73  6:12  Gateway  
  73  6:13  Gateway  
  73  6:19  Probe x3  
  76  6:28  Stalker  
  76  6:29  Stalker  
  76  6:31  Probe x3  
  83  6:33  Pylon x2  
  83  6:42  Stalker x2  
  83  6:44  Assimilator  
  83  6:45  Assimilator  
  87  6:49  Probe x3  
  87  6:52  Stalker  
  87  6:53  Stalker, Pylon  
  94  7:04  Observer (Chrono Boost)  
  91  7:16  Stalker x5  
  91  7:17  Stalker  
  91  7:20  Warp Prism (Chrono Boost), Robotics Bay  
  91  7:21  Robotics Facility  
  103  7:26  Shield Battery  
  105  7:31  Gateway  
  105  7:32  Gateway  
  105  7:34  Pylon  
  105  7:47  Stalker x5  
  97  8:10  Stalker x6  
  109  8:14  Pylon  
  109  8:15  Pylon  
  109  8:16  Protoss Ground Weapons Level 2 (Chrono Boost)  
  109  8:26  Stalker x2  
  111  8:33  Stalker x5  
  111  8:34  Stalker  
  104  8:45  Colossus (Chrono Boost)  
  110  8:55  Colossus (Chrono Boost)  
  116  9:03  Shield Battery  
  116  9:05  Stalker x3  
  116  9:06  Stalker x2  
  116  9:08  Stalker, Pylon  
  128  9:14  Shield Battery  
  128  9:15  Stalker  
  128  9:17  Stalker  
  128  9:32  Zealot x3  
  128  9:33  Zealot  
  128  9:35  Stalker x2  
  128  9:41  Stalker x2  
  128  9:44  Stalker x2  
  114  9:48  Pylon  
  114  9:58  Stalker x2  
  114  9:59  Stalker x2, Pylon  
  122  10:03  Stalker  
  122  10:06  Stalker  
  126  10:20  Stalker x2  
  79  10:32  Stalker x5  
Show
View Real Time Build Order
Export as new Build Order

DKZDark Zerg - Winner!

Build Orders: 3 Hatch before Pool 

Get SALT Encoding   

  12  0:00  Drone  
  13  0:11  Overlord  
  13  0:16  Drone  
  14  0:30  Drone x2  
  16  0:43  Drone  
  17  0:54  Drone  
  18  1:03  Drone  
  19  1:13  Hatchery  
  18  1:26  Hatchery  
  18  1:27  Drone  
  18  1:30  Drone  
  19  1:41  Spawning Pool  
  19  1:44  Extractor  
  19  1:47  Drone  
  18  1:49  Drone  
  18  1:52  Drone  
  20  2:07  Drone  
  22  2:15  Overlord  
  22  2:28  Queen  
  22  2:29  Drone x2, Queen  
  28  2:35  Drone  
  28  2:36  Drone  
  30  2:42  Hatchery  
  28  2:45  Drone  
  28  2:49  Metabolic Boost  
  29  2:52  Zergling x2  
  29  2:53  Zergling x2  
  31  3:04  Overlord  
  31  3:05  Drone  
  32  3:08  Queen  
  32  3:11  Drone  
  35  3:19  Drone  
  36  3:21  Spore Crawler, Queen  
  36  3:25  Spore Crawler  
  36  3:26  Zergling x2  
  37  3:28  Drone  
  37  3:31  Drone  
  39  3:38  Drone x4  
  44  3:41  Zergling x2  
  44  3:46  Overlord  
  44  3:53  Queen  
  46  3:59  Drone x4  
  50  4:03  Queen  
  50  4:05  Drone x2  
  50  4:07  Drone  
  55  4:11  Drone x2  
  57  4:21  Drone  
  57  4:22  Overlord  
  58  4:26  Evolution Chamber  
  58  4:27  Overlord  
  58  4:31  Overlord  
  57  4:32  Drone  
  57  4:34  Overlord  
  57  4:36  Zergling x2  
  58  4:40  Overlord  
  58  4:43  Drone x2  
  58  4:44  Zergling x4  
  58  4:45  Drone x3  
  64  4:46  Drone x2  
  64  4:49  Drone  
  64  4:51  Drone  
  69  4:53  Drone  
  69  4:54  Drone x3  
  69  4:57  Zerg Melee Weapons Level 1  
  73  5:00  Drone  
  73  5:04  Drone  
  73  5:05  Drone  
  76  5:12  Zergling x10  
  80  5:20  Drone x3  
  81  5:21  Queen  
  81  5:24  Drone x2  
  81  5:25  Drone x2  
  81  5:28  Spore Crawler  
  86  5:31  Zergling x4  
  84  5:37  Lair  
  84  5:38  Extractor  
  84  5:42  Hatchery  
  80  5:43  Hatchery, Drone x2  
  80  5:47  Extractor x2  
  80  5:49  Drone x4  
  83  5:51  Roach Warren, Extractor  
  83  5:53  Drone  
  82  5:59  Zergling x2  
  82  6:00  Zergling x6  
  86  6:06  Zergling x4  
  86  6:09  Overlord  
  88  6:12  Overlord  
  88  6:19  Overlord  
  88  6:23  Overlord  
  87  6:26  Drone  
  87  6:29  Drone x2  
  90  6:33  Hatchery  
  90  6:34  Zergling x4  
  90  6:35  Zergling x10  
  90  6:37  Glial Reconstitution  
  90  6:38  Infestation Pit  
  94  6:42  Drone  
  94  6:43  Drone  
  96  6:47  Drone x5  
  96  6:49  Drone x2  
  96  6:52  Zerg Melee Weapons Level 2  
  103  6:56  Drone x5, Baneling Nest  
  103  6:59  Drone  
  105  7:15  Hive  
  95  7:16  Zergling x26  
  95  7:20  Spore Crawler  
  107  7:27  Roach x9  
  107  7:29  Overseer  
  125  7:35  Roach x4  
  133  7:40  Roach  
  133  7:41  Roach  
  135  7:48  Zergling x24  
  141  7:55  Zergling x14  
  141  7:56  Overlord  
  145  8:01  Centrifugal Hooks, Overlord  
  145  8:02  Overlord  
  145  8:05  Overlord  
  144  8:11  Baneling x15  
  144  8:17  Zergling x20  
  151  8:30  Zergling x10  
  151  8:31  Zergling x16  
  154  8:40  Zergling x14  
  154  8:41  Zergling x4  
  147  8:46  Zergling x10  
  147  8:47  Roach  
  148  8:50  Roach x2  
  148  8:51  Roach  
  148  8:53  Zergling x2  
  148  8:54  Zergling x8  
  158  8:56  Adrenal Glands  
  158  9:00  Ravager x2  
  158  9:01  Ravager x2  
  158  9:02  Zergling x6  
  165  9:03  Zergling x8  
  165  9:08  Zergling x4  
  165  9:09  Baneling x13  
  171  9:13  Overlord  
  171  9:14  Overlord  
  171  9:20  Overlord  
  171  9:21  Overlord  
  171  9:22  Overlord  
  169  9:30  Zergling x6  
  157  9:35  Zergling x30  
  154  9:38  Zergling x2  
  154  9:39  Zergling x8  
  154  9:44  Roach x4  
  152  9:47  Roach x2  
  153  9:56  Roach x5  
  166  10:00  Zergling x6  
  166  10:02  Baneling x10  
  166  10:04  Zergling x6  
  169  10:07  Baneling x4  
  169  10:08  Roach  
  169  10:09  Roach x3  
  174  10:16  Zergling x8  
  174  10:18  Roach x3  
  164  10:21  Zergling x2  
  164  10:27  Zergling x4  
  155  10:35  Zergling x12  
Tags
 
Add a new tag
Caveats
  • Supply blocks, unpowered buildings, or Contaminate may cause inaccurate times.
  • Supply counts are checked every 10 seconds.